 Dungeon Crawl Stone Soup version 0.20.0-8-g6b59dc7 (webtiles) character file.

353 Ketharn the Slasher (level 6, -2/47 HPs)
             Began as a Human Berserker on May 31, 2017.
             Was a Believer of Trog.
             Slain by an orc
             ... wielding a +1 war axe of electrocution
              (18 damage)
             ... on level 3 of the Dungeon.
             The game lasted 00:09:36 (2726 turns).

Ketharn the Slasher (Human Berserker)               Turns: 2726, Time: 00:09:37

Health: -2/47      AC: 12    Str: 20    XL:     6   Next: 94%
Magic:  6/6        EV:  6    Int:  7    God:    Trog [**....]
Gold:   107        SH:  0    Dex: 12    Spells: 5/5 levels left

rFire    . . .     SeeInvis .   a - +0 falchion
rCold    . . .     Gourm    .   (no shield)
rNeg     . . .     Faith    .   h - +2 plate armour
rPois    .         Spirit   .   (no helmet)
rElec    .         Reflect  .   (no cloak)
rCorr    .         Harm     .   (no gloves)
MR       .....                  (no boots)
Stlth    ..........             (no amulet)
Regen    0.2/turn               (no ring)
MPRegen  0.1/turn               (no ring)

@: lethally poisoned (-2 -> -10), berserk cooldown, slowed, very slow
A: no striking features
a: Berserk, Trog's Hand, Burn Spellbooks, Renounce Religion


You were on level 3 of the Dungeon.
You worshipped Trog.
Trog was pleased with you.
You were hungry.

You visited 1 branch of the dungeon, and saw 3 of its levels.

You collected 107 gold pieces.

Inventory:

Hand Weapons
 a - a +0 falchion (weapon)
 j - a +0 falchion
Armour
 e - +0 acid dragon scales
 h - a +2 plate armour (worn)
Scrolls
 c - a scroll of blinking
 i - a scroll of teleportation {unknown}
Potions
 d - a potion of curing
 f - a potion of heal wounds
 g - a potion of agility
Comestibles
 b - 4 chunks of flesh


   Skills:
 - Level 3.1 Fighting
 * Level 7.1 Long Blades
 - Level 2.0 Armour
 - Level 2.0 Dodging


You had 5 spell levels left.
You didn't know any spells.

Dungeon Overview and Level Annotations

Branches:
Dungeon (3/15)

Altars:
Trog


Message History

You feel sick.
The orc hits you with a war axe of electrocution.
The kobold unwields an uncursed blowgun.
The kobold hits you but does no damage.
Things that are here:
a short sword; a tomahawk; an orc corpse You feel a strong urge to attack something.
You are no longer berserk.
You are exhausted.
You feel yourself slow down.
You feel sick. The orc hits you but does no damage.
The kobold hits you but does no damage. The orc hits you but does no damage.
The kobold hits you but does no damage.
Some of the chunks of flesh in your inventory have rotted away.
You hit the orc.
The orc is lightly wounded.
You feel sick. The orc barely misses you.
The kobold hits you but does no damage. The orc hits you but does no damage. x2
You are electrocuted!
You die...

# #####..#..#### # ..
.......[.....##### #.
........[)........
#.#########...#######.
#........###...#### #.
##.........##......##..
####...........#..###.....
#.............⌠#..........
##....o@.....#..........
##...oK....##..........
#.(......###........
#(#########.........
#.........).#..>....
#..........#####......
####.......# ......
##.##..## ###.## ...###..#
.#


You could see 2 orcs and a kobold.

Vanquished Creatures
  An ogre (D:3)
  A crimson imp (D:3)
  2 orc priests (D:3)
  Natasha (twice) (D:3)
  4 adders (D:2)
  2 worms (D:2)
  3 leopard geckos
  12 orcs (D:3)
  2 giant cockroaches
  9 hobgoblins
  4 jackals (D:3)
  A quokka (D:3)
  A ball python (D:2)
  8 bats
  3 frilled lizards
  9 goblins
  4 kobolds (D:3)
  5 rats
73 creatures vanquished.

Notes
Turn   | Place    | Note
-------+----------+-------------------------------------------
     0 | D:1      | Ketharn the Human Berserker began the quest for the Orb.
     0 | D:1      | Reached XP level 1. HP: 18/18 MP: 1/1
   237 | D:1      | Reached XP level 2. HP: 24/24 MP: 2/2
   731 | D:2      | Reached skill level 4 in Long Blades
   731 | D:2      | Reached XP level 3. HP: 20/29 MP: 3/3
  1006 | D:2      | Reached ** piety under Trog
  1006 | D:2      | Reached XP level 4. HP: 35/35 MP: 4/4
  1480 | D:2      | Found a bloodstained altar of Trog.
  1546 | D:2      | Reached skill level 5 in Long Blades
  2167 | D:3      | Reached XP level 5. HP: 37/41 MP: 5/5
  2306 | D:3      | Noticed an ogre
  2313 | D:3      | Killed an ogre
  2313 | D:3      | Reached skill level 6 in Long Blades
  2313 | D:3      | Reached XP level 6. HP: 47/47 MP: 6/6
  2496 | D:3      | Noticed Natasha
  2535 | D:3      | Killed Natasha
  2668 | D:3      | Noticed Natasha
  2678 | D:3      | Killed Natasha
  2678 | D:3      | Reached skill level 7 in Long Blades
  2726 | D:3      | Slain by an orc

Skill      XL: |  1  2  3  4  5  6 |
---------------+-------------------+-----
Long Blades    | 4 5 6 7 |  7.1
Fighting       | |  3.1
Armour         | |  2.0
Dodging        | |  2.0

Action                   |  1- 3 |  4- 6 || total
-------------------------+-------+-------++-------
Melee: Falchion          |    59 |   165 ||   224
Invok: Berserk           |     3 |     9 ||    12
  Use: Scroll            |       |     7 ||     7
  Eat: Chunk             |     2 |     6 ||     8
       Bread ration      |       |     2 ||     2
Armor: Leather armour    |    27 |     8 ||    35
       Animal skin       |     2 |       ||     2
       Plate armour      |       |    95 ||    95
Dodge: Dodged            |    53 |    74 ||   127
       Rpst.: Falchion   |    16 |    22 ||    38
